Map: Efflorescence LE

Players

jpminn

  • Race: Protoss Protoss
  • Spawn Location: 9:00

SRM

  • Race: Terran Terran
  • League: Gold
  • Spawn Location: 6:00

OpuS - Winner!

  • Race: Protoss Protoss
  • League: Platinum
  • Spawn Location: 3:00

Sketchaphone - Winner!

  • Race: Zerg Zerg
  • League: Gold
  • Spawn Location: 12:00

VOD

Have the link to the VOD?

Description

Time

  • Played on: Jan. 24, 2019, 8:57 p.m.
  • Length: 14:46
Show
View Real Time Build Order
Export as new Build Order

jpminn Protoss 

Build Orders:  

Get SALT Encoding   

  12  0:03  Probe  
  13  0:18  Pylon  
  13  0:39  Gateway  
  13  0:43  Gateway  
  13  0:52  Pylon  
  13  1:24  Zealot x2  
  17  1:48  Zealot x2  
  21  2:04  Pylon  
  21  2:14  Assimilator  
  21  2:15  Zealot x2  
  25  2:18  Pylon  
  25  2:29  Probe  
  26  2:37  Probe  
  27  2:46  Probe  
  28  2:53  Zealot  
  28  2:55  Cybernetics Core  
  30  3:03  Forge  
  30  3:38  Assimilator  
  30  3:40  Photon Cannon  
  30  3:49  Photon Cannon, Probe  
  30  3:52  Photon Cannon  
  23  3:57  Probe  
  20  4:05  Probe  
  21  4:13  Probe, Stargate  
  21  4:21  Probe  
  23  4:39  Pylon  
  23  4:40  Pylon  
  23  4:52  Probe, Void Ray  
  28  5:04  Probe  
  29  5:58  Nexus  
  29  6:00  Pylon  
  29  6:02  Pylon  
  29  6:04  Assimilator  
  29  6:08  Assimilator  
  29  6:20  Pylon  
  29  6:27  Photon Cannon  
  29  6:29  Photon Cannon  
  29  6:32  Photon Cannon  
  29  6:41  Photon Cannon  
  29  6:53  Shield Battery  
  29  6:57  Shield Battery  
  29  7:07  Void Ray  
  33  7:26  Probe  
  34  7:34  Probe  
  34  7:44  Probe  
  36  7:56  Probe, Void Ray  
  41  8:08  Probe  
  41  8:12  Stargate  
  42  8:51  Probe  
  42  9:03  Probe  
  42  9:15  Probe  
  33  10:42  Pylon, Void Ray x2  
  41  11:03  Pylon  
  41  11:04  Pylon  
  41  11:06  Pylon  
  41  11:07  Pylon  
  41  11:09  Pylon  
  41  11:10  Pylon  
  41  11:13  Pylon  
  41  11:30  Photon Cannon  
  41  11:31  Photon Cannon  
  41  11:33  Photon Cannon  
  41  11:35  Photon Cannon  
  41  11:37  Photon Cannon  
  41  11:41  Shield Battery  
  41  11:42  Shield Battery  
  41  11:45  Shield Battery  
  41  11:53  Pylon  
  41  11:56  Assimilator  
  41  11:57  Photon Cannon  
  41  12:00  Assimilator  
  4  13:24  Void Ray x2  
  4  13:32  Probe  
  12  13:40  Probe  
  13  13:46  Probe  
  14  13:49  Probe  
  14  13:54  Probe  
  16  14:01  Probe  
  18  14:04  Probe  
  19  14:13  Probe  
  19  14:16  Probe  
Show
View Real Time Build Order
Export as new Build Order

SRM Terran 

Build Orders:  

Get SALT Encoding   

  12  0:02  SCV  
  13  0:17  Supply Depot  
  13  0:25  SCV  
  14  0:39  Barracks  
  14  0:47  Barracks  
  14  1:04  Barracks  
  14  1:08  SCV  
  16  1:27  Orbital Command  
  16  1:29  Marine  
  16  1:35  Marine  
  17  1:46  Marine  
  17  1:53  Marine  
  17  1:54  Marine  
  20  1:57  Supply Depot  
  20  2:04  Marine  
  20  2:06  SCV  
  22  2:11  Marine  
  22  2:12  Refinery  
  23  2:18  Marine  
  23  2:22  Marine  
  25  2:28  Marine  
  26  2:31  Supply Depot  
  26  2:36  Marine  
  27  2:40  Marine  
  27  2:41  SCV  
  29  2:46  Marine  
  29  3:14  Marine x3  
  32  3:30  SCV  
  32  3:32  Marine x3  
  32  3:34  Factory  
  36  3:38  Supply Depot  
  35  3:43  SCV  
  36  3:50  Marine x2  
  29  4:04  SCV  
  29  4:08  Marine, Refinery  
  29  4:09  Barracks Reactor  
  31  4:11  Barracks Tech Lab  
  30  4:17  Factory Tech Lab  
  30  4:20  SCV  
  31  4:30  Supply Depot  
  31  4:32  Barracks Reactor  
  31  4:39  SCV  
  32  4:48  Siege Tank  
  32  4:52  SCV  
  36  5:04  SCV  
  37  5:19  Marine x2  
  37  5:20  Marine  
  37  5:21  Marauder, Marine  
  43  5:42  Marauder  
  44  5:53  Starport  
  44  6:00  SCV  
  44  6:02  Command Center  
  44  6:03  Marauder  
  47  6:12  SCV  
  47  6:13  Supply Depot  
  47  6:14  Stimpack  
  48  6:24  SCV  
  48  6:25  Marauder  
  51  6:30  Marine x2  
  51  6:31  Marine  
  54  6:33  Starport Reactor  
  54  6:36  SCV  
  55  6:48  SCV  
  55  6:52  Engineering Bay  
  56  7:00  SCV  
  56  7:01  Supply Depot  
  57  7:06  Armory  
  57  7:09  Widow Mine  
  57  7:10  Marine x2  
  57  7:11  Marine x2  
  57  7:14  Marine  
  64  7:26  Sensor Tower  
  64  7:28  Marine  
  65  7:34  Orbital Command  
  65  7:56  Medivac x2  
  65  7:58  Siege Tank  
  72  7:59  Marine x4  
  76  8:14  Combat Shield  
  76  8:18  Orbital Command  
  76  8:26  Viking x2  
  80  8:52  SCV  
  80  8:55  Refinery  
  80  8:57  Refinery  
  63  9:37  Marine x3  
  63  9:38  Marine x2  
  60  9:55  Marine x3  
  60  9:56  Marauder  
  65  10:17  Marauder  
  65  10:21  Supply Depot  
  67  10:22  SCV  
  67  10:23  SCV  
  67  10:24  Supply Depot  
  67  10:26  Marine  
  70  10:42  Marine x2, SCV x2  
  76  10:43  Marauder  
  76  10:50  Marine x2  
  76  10:54  Supply Depot  
  80  11:04  Marauder  
  80  11:29  Sensor Tower  
  80  11:45  Marine x5  
  75  11:54  Sensor Tower  
  71  12:02  Marine  
  71  12:03  Marine x4  
  71  12:04  Medivac x2  
  71  12:07  Terran Infantry Weapons Level 1  
  80  12:09  Drilling Claws  
  80  12:11  Widow Mine  
  82  12:20  Marine x2  
  82  12:22  Marine x3  
  87  12:33  Widow Mine  
  89  12:38  Marine x2  
  89  12:40  Marine x3  
  94  12:58  Marine x2  
  94  13:13  Marine  
  90  13:24  Marine x4  
  94  13:37  Barracks  
  94  13:38  Barracks  
  94  13:39  Barracks  
  94  13:40  Barracks  
  94  13:42  Supply Depot  
  94  14:03  Medivac, Marine x5, SCV  
  102  14:20  SCV  
  102  14:22  Marine, SCV  
  102  14:23  Marine x3  
  102  14:24  Marine  
  52  14:32  SCV  
Show
View Real Time Build Order
Export as new Build Order

OpuS Protoss - Winner!

Build Orders:  

Get SALT Encoding   

  12  0:01  Probe  
  13  0:13  Probe  
  14  0:20  Pylon  
  14  0:25  Probe  
  15  0:40  Gateway  
  15  0:45  Gateway  
  15  0:48  Probe  
  16  0:56  Probe  
  16  1:01  Assimilator  
  17  1:17  Probe  
  17  1:25  Probe  
  18  1:28  Cybernetics Core  
  18  1:31  Pylon  
  19  1:35  Probe  
  20  1:47  Probe  
  20  1:52  Gateway  
  21  1:59  Pylon  
  21  2:05  Stalker  
  22  2:11  Stalker  
  24  2:20  Pylon  
  24  2:21  Probe  
  24  2:29  Probe  
  26  2:39  Adept x2  
  30  2:50  Assimilator  
  30  2:55  Warp Gate  
  30  3:03  Probe  
  30  3:05  Adept  
  33  3:17  Zealot x2  
  37  3:29  Shield Battery  
  37  3:31  Shield Battery  
  37  3:35  Zealot  
  37  3:37  Shield Battery  
  37  3:54  Adept x2  
  36  4:02  Adept  
  38  4:26  Nexus  
  38  4:32  Pylon  
  38  4:41  Robotics Facility  
  38  4:45  Probe  
  39  5:09  Probe  
  40  5:15  Adept x3  
  46  5:23  Probe  
  47  5:35  Probe  
  47  5:38  Adept x3  
  54  5:47  Twilight Council  
  52  5:59  Stalker x2  
  56  6:05  Stalker  
  58  6:12  Observer  
  58  6:13  Probe x2, Charge  
  61  6:25  Probe  
  62  6:26  Pylon  
  62  6:27  Probe  
  63  6:37  Probe  
  63  6:39  Probe  
  65  6:49  Probe  
  65  6:50  Gateway  
  65  6:52  Probe  
  65  6:54  Adept  
  69  6:59  Gateway  
  69  7:01  Probe  
  69  7:03  Observer  
  69  7:04  Probe  
  72  7:22  Zealot  
  72  7:23  Zealot x2  
  72  7:29  Robotics Bay  
  78  7:33  Pylon  
  78  7:35  Pylon  
  78  7:38  Pylon  
  79  7:51  Observer  
  79  7:55  Gateway  
  79  7:58  Zealot x2, Gateway  
  79  7:59  Zealot x2  
  79  8:01  Sentry  
  89  8:13  Observer  
  89  8:22  Assimilator  
  89  8:23  Extended Thermal Lance  
  89  8:27  Assimilator  
  89  8:30  Robotics Facility  
  89  8:31  Pylon  
  89  8:34  Pylon  
  88  8:49  Stalker x4  
  88  8:52  Stalker  
  98  8:58  Probe x2  
  92  9:10  Probe x2  
  80  9:30  Stalker x4  
  66  9:45  Stalker x2  
  66  9:47  Probe x2  
  72  9:56  Observer  
  72  9:59  Probe  
  74  10:01  Stalker x2  
  78  10:14  Blink  
  78  10:15  Stalker x2  
  78  10:16  Stalker  
  84  10:29  Nexus  
  84  10:31  Pylon  
  84  10:34  Pylon  
  84  10:50  Stalker  
  84  10:51  Stalker x3  
  84  10:53  Stalker  
  94  11:01  Pylon  
  94  11:05  Assimilator  
  94  11:09  Assimilator  
  94  11:32  Nexus  
  94  11:38  Pylon  
  94  11:42  Colossus x2  
  106  11:49  Stalker  
  106  11:50  Stalker  
  110  11:58  Probe x2  
  112  12:10  Probe x2  
  112  12:17  Forge  
  112  12:18  Forge  
  112  12:21  Forge  
  104  12:46  Colossus x2  
  102  12:57  Probe x2  
  102  12:58  Probe  
  115  13:09  Probe x2  
  115  13:10  Probe  
  104  13:21  Probe  
  95  13:32  Probe  
  95  13:33  Probe  
  97  13:37  Colossus x2  
  109  13:53  Probe  
  109  13:54  Probe x2  
  112  13:56  Stalker x3  
  112  13:57  Stalker  
  112  13:58  Stalker  
  122  14:05  Probe  
  122  14:06  Probe x2  
  123  14:38  Zealot x4  
Show
View Real Time Build Order
Export as new Build Order

Sketchaphone Zerg - Winner!

Build Orders: Hatch First 

Get SALT Encoding   

  12  0:01  Drone  
  13  0:14  Overlord  
  14  0:21  Drone  
  14  0:24  Drone, Extractor  
  15  0:33  Drone  
  16  0:38  Drone  
  17  0:51  Drone  
  17  0:56  Extractor  
  17  1:03  Drone  
  18  1:05  Hatchery  
  17  1:20  Spawning Pool  
  17  1:24  Drone  
  17  1:25  Drone  
  17  1:30  Drone  
  19  1:41  Drone  
  20  1:54  Drone  
  21  2:06  Overlord, Metabolic Boost  
  21  2:12  Zergling x2  
  22  2:16  Queen  
  22  2:20  Zergling x2  
  25  2:23  Zergling x2  
  26  2:31  Zergling x2  
  26  2:34  Spine Crawler, Zergling x2  
  27  2:38  Zergling x2  
  28  2:45  Queen  
  28  2:46  Zergling x2  
  28  2:48  Overlord  
  31  3:02  Zergling x4  
  33  3:08  Baneling Nest, Zergling x2  
  34  3:20  Zergling x4  
  34  3:21  Zergling x2  
  36  3:28  Zergling x2  
  37  3:39  Zergling x8  
  32  3:56  Drone x3  
  34  4:05  Baneling  
  34  4:07  Baneling  
  34  4:13  Hatchery  
  33  4:38  Drone  
  33  4:39  Overlord, Drone x2  
  33  4:40  Drone x2  
  33  4:41  Drone x3  
  41  4:53  Drone x2  
  43  5:04  Overlord, Drone x2  
  45  5:07  Overlord  
  45  5:09  Drone  
  45  5:12  Drone  
  45  5:13  Overlord  
  47  5:17  Lair  
  47  5:18  Drone x2  
  47  5:20  Drone  
  50  5:25  Hatchery  
  50  5:26  Drone x2  
  51  5:29  Queen  
  51  5:31  Drone  
  54  5:38  Spore Crawler  
  53  5:43  Spore Crawler  
  52  5:50  Spore Crawler, Drone x2  
  52  5:51  Drone x2  
  52  5:52  Zergling x2  
  52  5:53  Zergling x4  
  58  6:00  Drone x3  
  58  6:02  Drone  
  58  6:03  Overlord, Drone  
  63  6:09  Evolution Chamber  
  63  6:10  Drone  
  63  6:12  Evolution Chamber  
  62  6:22  Overlord  
  62  6:25  Pneumatized Carapace  
  62  6:30  Extractor  
  62  6:32  Centrifical Hooks  
  61  6:33  Overlord x2  
  61  6:34  Drone  
  61  6:35  Drone x3  
  61  6:37  Queen  
  61  6:39  Extractor  
  66  6:40  Extractor  
  65  6:49  Queen  
  67  7:02  Overlord x2  
  67  7:03  Overlord, Drone x3  
  69  7:15  Drone x2  
  71  7:19  Burrow  
  71  7:21  Zergling x2  
  71  7:22  Zergling x6  
  75  7:26  Drone  
  75  7:27  Drone x2  
  78  7:31  Extractor  
  78  7:32  Drone x6  
  78  7:33  Extractor  
  78  7:36  Drone  
  83  7:39  Overlord  
  83  7:45  Zerg Ground Armor Level 1  
  83  7:53  Queen  
  83  7:54  Overlord  
  83  7:55  Zergling x14  
  92  8:16  Zergling x20  
  102  8:21  Drone  
  102  8:22  Zerg Melee Weapons Level 1  
  102  8:25  Spire  
  102  8:28  Zergling x16  
  102  8:29  Infestation Pit  
  102  8:31  Baneling x5  
  102  8:32  Baneling  
  109  8:42  Zergling x6  
  109  8:43  Zergling x8  
  116  8:49  Zergling x2  
  116  8:50  Overlord  
  110  9:12  Zergling x28  
  110  9:16  Drone  
  119  9:25  Baneling  
  119  9:26  Baneling x6  
  117  9:37  Baneling x8  
  117  9:38  Baneling x5  
  90  10:00  Zergling x2  
  90  10:04  Hive  
  90  10:06  Drone x2  
  93  10:11  Drone x3  
  93  10:12  Overlord  
  93  10:13  Spore Crawler x2  
  94  10:14  Baneling x9  
  94  10:15  Zergling x12, Baneling x5  
  100  10:33  Corruptor  
  100  10:34  Corruptor x4  
  110  10:57  Overlord  
  128  11:09  Drone  
  128  11:10  Spore Crawler, Drone  
  129  11:11  Spore Crawler  
  129  11:15  Hatchery  
  127  11:45  Ultralisk Cavern  
  125  11:50  Overlord x2  
  125  11:55  Zergling x4  
  127  12:02  Zerg Ground Armor Level 2  
  127  12:03  Adrenal Glands  
  127  12:04  Zerg Melee Weapons Level 2  
  125  12:30  Zergling x2  
  125  12:31  Zergling x28  
  139  12:51  Overlord  
  139  12:52  Overlord  
  139  12:53  Ultralisk x2  
  139  12:54  Ultralisk  
  139  12:55  Chitinous Plating  
  155  13:00  Corruptor x6  
  155  13:04  Greater Spire  
  165  13:08  Drone x4  
  165  13:09  Drone  
  155  13:30  Infestor, Ultralisk x2  
  155  13:32  Zergling x18  
  178  13:37  Overseer  
  178  13:38  Overseer  
  178  13:44  Drone x3  
  181  14:10  Baneling x8  
  181  14:13  Zergling x20  
  171  14:28  Zergling x16  
Tags
 
Add a new tag
Caveats
  • Supply blocks, unpowered buildings, or Contaminate may cause inaccurate times.
  • Supply counts are checked every 10 seconds.